 Dungeon Crawl Stone Soup version 0.21-a0-135-g8dc100c (webtiles) character file.

317 HateThisGame the Vexing (level 6, -4/41 HPs)
             Began as a Mummy Enchanter on July 17, 2017.
             Shot with a stone by a goblin (6 damage)
             ... on level 3 of the Dungeon.
             The game lasted 00:13:10 (6224 turns).

HateThisGame the Vexing (Mummy Enchanter)           Turns: 6224, Time: 00:13:11

Health: -4/41      AC:  5    Str: 12    XL:     6   Next: 20%
Magic:  4/10       EV: 12    Int: 16    God:
Gold:   116        SH:  0    Dex: 12    Spells: 4/10 levels left

rFire    x . .     SeeInvis .   a - +2 dagger
rCold    + . .     Gourm    .   (no shield)
rNeg     + + +     Faith    .   b - +1 robe
rPois    ∞         Spirit   .   g - +2 hat
rElec    .         Reflect  .   (no cloak)
rCorr    +         Harm     .   (no gloves)
MR       .....                  (no boots)
Stlth    ++........             j - amulet of magic regeneration
HPRegen  0.13/turn              d - ring of resist corrosion
MPRegen  0.37/turn              (no ring)

@: very slightly contaminated
A: no food or potions, fire vulnerability, cold resistance 1, negative energy
resistance 3, torment resistance, unbreathing
a: no special abilities


You were on level 3 of the Dungeon.
You were not hungry.

You visited 1 branch of the dungeon, and saw 3 of its levels.

You collected 116 gold pieces.

Inventory:

Hand Weapons
 a - a +2 dagger (weapon)
Armour
 b - a +1 robe (worn)
 g - a +2 hat (worn)
Jewellery
 d - a ring of resist corrosion (left hand)
 j - an amulet of magic regeneration (around neck)
Books
 c - a book of Maledictions

   Spells                             Type                      Level
   a - Corona                         Hexes                        1
   b - Ensorcelled Hibernation        Hexes/Ice                    2
   c - Confuse                        Hexes                        3
   d - Tukima's Dance                 Hexes                        3
   e - Dazzling Spray                 Conjuration/Hexes            3


   Skills:
 + Level 1.2 Short Blades
 - Level 1.5 Dodging
 - Level 2.4 Stealth
 - Level 2.6 Spellcasting
 * Level 5.7 Hexes
 + Level 2.0 Ice Magic


You had 4 spell levels left.
You knew the following spells:

 Your Spells              Type           Power        Failure   Level  Hunger
a - Corona                Hex            ###....      1%          1    N/A
b - Ensorcelled Hibernat  Hex/Ice        ##....       6%          2    N/A
c - Confuse               Hex            ###.....     5%          3    N/A

Dungeon Overview and Level Annotations

Branches:
Dungeon (3/15)

Altars:
Nemelex Xobeh
Okawaru
Ru

Annotations:
D:2 exclusion: downstairs


Innate Abilities, Weirdness & Mutations

You do not eat or drink.
Your flesh is vulnerable to fire.
You are immune to poison.
Your flesh is cold resistant. (rC+)
You are immune to negative energy. (rN+++)
You are immune to unholy pain and torment.
You can survive without breathing.


Message History

You hit the gnoll.
The gnoll is severely wounded.
The goblin shoots a stone.
The stone hits you but does no damage. The gnoll hits you with a spear!
You are too injured to fight recklessly!
You are too injured to fight recklessly!
You are too injured to fight recklessly!
You are too injured to fight recklessly!
You are too injured to fight recklessly!
You hit the gnoll.
The gnoll is severely wounded.
The gnoll hits you with a spear!
* * * LOW HITPOINT WARNING * * *
The goblin shoots a stone.
The stone hits you.
* * * LOW HITPOINT WARNING * * *
You hit the gnoll.
You kill the gnoll!
Your Ice Magic skill increases to level 2!
The goblin shoots a stone.
The stone hits you.
You die...

##############''#################
≈≈≈≈≈≈≈≈≈≈≈≈.....≈≈≈≈≈≈≈≈≈≈≈≈≈≈≈≈
≈≈≈≈≈≈≈≈≈≈≈≈≈..).≈≈≈≈≈≈≈≈≈≈≈≈≈≈≈≈
≈≈≈≈≈≈≈≈≈≈≈≈≈....≈≈≈≈≈≈≈≈≈≈≈≈≈≈≈≈
..≈≈...≈≈.≈.(....≈..≈.≈≈≈≈.≈.≈≈≈.
..............(..................
.................................
##.†.#######...###g#####.........
##.## #(..g@(.# #.######## #.#
#######(# #.# ###.#### #[#####.#
#......# #.()....# #......#
###########..## .......#
#.......o...## .......#
#..........## #......#
###.o..o.....#
#......###.o..#########


You could see a hobgoblin and a goblin.

Vanquished Creatures
  A big kobold (D:3)
  An orc wizard (D:3)
  Robin (D:2)
  A gnoll (D:3)
  8 adders
  An ooze (D:2)
  2 worms
  3 dart slugs
  A leopard gecko (D:1)
  6 orcs
  4 giant cockroaches
  24 goblins
  22 hobgoblins
  5 jackals
  A ball python (D:1)
  6 bats
  6 frilled lizards
  7 kobolds
  9 rats
109 creatures vanquished.

Vanquished Creatures (others)
  4 toadstools (D:1)
4 creatures vanquished.

Grand Total: 113 creatures vanquished

Notes
Turn   | Place    | Note
-------+----------+-------------------------------------------
     0 | D:1      | HateThisGame the Mummy Enchanter began the quest for the Orb.
     0 | D:1      | Reached XP level 1. HP: 13/13 MP: 4/4
   399 | D:1      | Reached skill level 3 in Hexes
   632 | D:1      | Reached XP level 2. HP: 9/19 MP: 2/5
   777 | D:1      | Learned a level 2 spell: Ensorcelled Hibernation
  1721 | D:1      | Found an iron altar of Okawaru.
  1839 | D:1      | Reached XP level 3. HP: 24/24 MP: 4/7
  1993 | D:1      | Learned a level 3 spell: Confuse
  2403 | D:1      | Reached skill level 4 in Hexes
  2910 | D:2      | Reached XP level 4. HP: 25/30 MP: 2/8
  3646 | D:2      | Found a sparkling altar of Nemelex Xobeh.
  3818 | D:3      | Noticed Robin
  4158 | D:2      | Killed Robin
  4158 | D:2      | Reached skill level 5 in Hexes
  4235 | D:2      | Reached skill level 1 in Ice Magic
  4235 | D:2      | Reached XP level 5. HP: 35/35 MP: 4/9
  4492 | D:3      | Found a sacrificial altar of Ru.
  5201 | D:3      | Reached skill level 1 in Short Blades
  6036 | D:3      | Reached XP level 6. HP: 25/41 MP: 10/10
  6223 | D:3      | HP: 2/41 [goblin/stone (6)]
  6224 | D:3      | Shot with a stone by a goblin

Vault maps used:
D:1:      ldierk_water_garden, serial_forest, infiniplex_forest_pool,
          infiniplex_forest_end_2, infiniplex_forest_clump_double,
          infiniplex_forest_straight_4, infiniplex_forest_lined_3,
          infiniplex_forest_straight_2, infiniplex_forest_3_way,
          infiniplex_forest_straight_3, infiniplex_forest_end_3,
          infiniplex_forest_clump_small, okawaru_ov_weapons_minmay
D:2:      first_bread, nemelex_dance_club_becter
D:3:      minmay_goblin_kobold_castle, nicolae_overflow_hidden_temple,
          nicolae_ru_great_annihilating_truth, uniq_robin

Skill      XL: |  1  2  3  4  5  6 |
---------------+-------------------+-----
Hexes          | 3 4 5 |  5.7
Ice Magic      | 1 2 |  2.0
Short Blades   | 1 |  1.2
Dodging        | |  1.5
Stealth        | |  2.4
Spellcasting   | |  2.6

Action                   |  1- 3 |  4- 6 || total
-------------------------+-------+-------++-------
Melee: Dagger            |   131 |   170 ||   301
 Cast: Corona            |    13 |       ||    13
       Ensorcelled Hiber |    33 |    87 ||   120
       Confuse           |     3 |     2 ||     5
  Use: Scroll            |     2 |     4 ||     6
 Stab: Sleeping          |    18 |    49 ||    67
       Confused          |     1 |       ||     1
Armor: Robe              |    33 |    46 ||    79
Dodge: Dodged            |    80 |   111 ||   191
